 Dungeon Crawl Stone Soup version 0.31-a0-237-g2d982f9f85 (webtiles) character file.

Game seed: 14948012120911229491

5 qw the Shooter (level 1, -3/16 HPs)
             Began as a Minotaur Hexslinger on July 10, 2023.
             Slain by a quokka (4 damage)
             ... on level 1 of the Dungeon.
             The game lasted 00:00:02 (87 turns).

qw the Shooter (Minotaur Hexslinger)                  Turns: 87, Time: 00:00:03

Health: -3/16      AC:  2    Str: 12    XL:     1   Next: 66%
Magic:  1/1        EV: 12    Int: 10    God:
Gold:   21         SH:  0    Dex: 12    Spells: 1/2 levels left

rFire   . . .        a - +1 sling
rCold   . . .        (no shield)
rNeg    . . .        c - +0 robe
rPois   .            (helmet restricted)
rElec   .            (no cloak)
rCorr   .            (no gloves)
SInv    .            (no boots)
Will    .....        (no amulet)
Stlth   +            (no ring)
HPRegen 0.22/turn    (no ring)
MPRegen 0.07/turn

%: no passive effects
@: no status effects
A: horns 2, retaliatory headbutt
a: no special abilities


You were on level 1 of the Dungeon.
You visited 1 branch of the dungeon, and saw 1 of its levels.

You collected 21 gold pieces.


Innate Abilities, Weirdness & Mutations

You have a pair of horns on your head.
You reflexively headbutt those who attack you in melee.


   Skills:
 - Level 1.2 Fighting
 + Level 2.8 Ranged Weapons
 - Level 2.1 Dodging
 - Level 1.0 Spellcasting
 - Level 2.0 Hexes


You had one spell level left.
You knew the following spells:

 Your Spells              Type           Power      Damage    Failure   Level
a - Slow                  Hex            16%        N/A       16%         1

Your spell library contained the following spells:

 Spells                   Type           Power      Damage    Failure   Level
 Inner Flame              Hex/Fire       2%         N/A       56%         3
 Portal Projectile        Hex/Tloc       4%         N/A       56%         3
 Cause Fear               Hex            2%         N/A       83%         4

Inventory:

Hand Weapons
 a - a +1 sling (weapon)
Armour
 c - a +0 robe (worn)
 d - a +0 pair of boots
Scrolls
 b - a scroll of poison
 e - a scroll of enchant armour {unknown}

Dungeon Overview and Level Annotations

Branches:
Dungeon (1/15)

Altars:


Message History

The jackal barks!
An endoplasm comes into view.
You shoot a sling bullet.
The sling bullet closely misses the jackal.
The endoplasm quivers.
The sling bullet hits the endoplasm.
You kill the endoplasm!
A frilled lizard comes into view.
You shoot a sling bullet. The frilled lizard hisses angrily.
The sling bullet hits the jackal.
The jackal is heavily wounded.
The jackal barely misses you. You furiously retaliate!
You headbutt the jackal!
You kill the jackal!
You shoot a sling bullet.
The sling bullet closely misses the quokka.
You shoot a sling bullet.
The sling bullet closely misses the quokka.
The sling bullet hits the frilled lizard.
You kill the frilled lizard!
The quokka bites you but does no damage.
The quokka bites you.
You shoot a sling bullet. The sling bullet hits the quokka.
The quokka is almost dead.
The quokka barely misses you.
You shoot a sling bullet.
The sling bullet hits the quokka but does no damage.
The quokka is almost dead.
The quokka bites you. The endoplasm freezes you.
You are frozen.
You shoot a sling bullet.
The sling bullet closely misses the quokka.
The quokka bites you. The endoplasm freezes you.
You are frozen.
The quokka barely misses you.
You shoot a sling bullet.
The sling bullet barely misses the quokka.
The quokka bites you. The endoplasm closely misses you. The quokka bites you.
You die...

.. #.......#.
...#..... ...
.....#.......
............
.....#.#.#.#
...........#
.......rJ# #....@#
####....#####.
#.............#
##.###.##.#.####
#..###....#.##
#.#...........
##.#.#.######..
###....###....###
##.....##........##


You could see an endoplasm and a quokka.

Vanquished Creatures
  An endoplasm (D:1)
  A jackal (D:1)
  A quokka (D:1)
  A ball python (D:1)
  A frilled lizard (D:1)
5 creatures vanquished.

Notes
Turn   | Place    | Note
-------+----------+-------------------------------------------
     0 | D:1      | qw the Minotaur Hexslinger began the quest for the Orb.
     0 | D:1      | Reached XP level 1. HP: 16/16 MP: 1/1
     0 | D:1      | 0 ||| qw: Version: 0.3-a-52-g30416fa
     0 | D:1      | 0 ||| qw: Game counter: 5181
     0 | D:1      | 0 ||| qw: Melee chars always use a shield: true
     0 | D:1      | 0 ||| qw: God list: Okawaru
     0 | D:1      | 0 ||| qw: Allow faded altars: false
     0 | D:1      | 0 ||| qw: Do Orc after clearing Dungeon:15 true
     0 | D:1      | 0 ||| qw: Do second Lair branch before Depths: true
     0 | D:1      | 0 ||| qw: Lair rune preference: random
     0 | D:1      | 0 ||| qw: Goals: Normal
     0 | D:1      | 0 ||| PLANNING D:1-11
    86 | D:1      | HP: 3/16 [frozen (3)]
    87 | D:1      | HP: 1/16 [quokka (2)]
    87 | D:1      | Slain by a quokka

Levels and vault maps discovered:
D:1:      minmay_arrival_loop, layout_rooms, kennysheep_decorative_pillar,
          kennysheep_another_room, st_stairs_4

Action                     || total
---------------------------++-------
   Fire: Sling             ||    17
 Armour: Robe              ||     2
  Dodge: Dodged            ||     5

Table legend:
 A = Non-vault XP
 B = Vault XP
 C = Vault XP percentage of total XP
 D = Non-vault monster count
 E = Vault monster count
 F = Vault count percentage of total count
                 A         B        C        D         E       F
            +---------+---------+-------+---------+---------+-------
      Total |       4 |       4 |  50.0 |       3 |       2 |  40.0
            +---------+---------+-------+---------+---------+-------
        D:1 |       4 |       4 |  50.0 |       3 |       2 |  40.0
            +---------+---------+-------+---------+---------+-------
